 Dungeon Crawl Stone Soup version 0.27.0-1-g7a089689b8 (webtiles) character file.

Game seed: 6692501031857545760

3023 Acheron the Shield-Bearer (level 9, 0/75 HPs)
             Began as a Minotaur Fighter on Aug 15, 2021.
             Was a Follower of the Shining One.
             Slain by a yak (10 damage)
             ... on level 8 of the Dungeon.
             The game lasted 00:26:05 (6666 turns).

Acheron the Shield-Bearer (Minotaur Fighter)        Turns: 6666, Time: 00:26:06

Health: 0/75       AC: 12    Str: 21    XL:     9   Next: 55%
Magic:  18/18      EV: 10    Int:  5    God:    the Shining One [*.....]
Gold:   301        SH: 11    Dex: 13    Spells: 8/8 levels left

rFire    . . .     SeeInvis .   a - +0 war axe
rCold    . . .     Faith    .   c - +0 kite shield
rNeg     . . .     Spirit   .   o - +6 ring mail "Pecuiri" {Slay+3}
rPois    .         Reflect  .   (helmet restricted)
rElec    .         Harm     .   (no cloak)
rCorr    +         Rampage  .   (no gloves)
Will     +....                  (no boots)
Stlth    +.........             (no amulet)
HPRegen  0.22/turn              l - ring of resist corrosion
MPRegen  0.16/turn              i - ring of Ireqec {Will+ MP+9}

@: glowing
A: horns 2, retaliatory headbutt
a: Renounce Religion


You were on level 8 of the Dungeon.
You worshipped the Shining One.
The Shining One was aware of your devotion.
You visited 2 branches of the dungeon, and saw 10 of its levels.

You collected 301 gold pieces.

Inventory:

Hand Weapons
 a - a +0 war axe (weapon)
 f - a +6 mace of draining
Missiles
 g - 66 poisoned darts (quivered)
 h - 7 silver boomerangs
 j - a throwing net
 m - 4 boomerangs
 q - a curare-tipped dart
Armour
 c - a +0 kite shield (worn)
 o - the +6 ring mail "Pecuiri" (worn) {Slay+3}
   (You found it on level 4 of the Dungeon)

   Slay:      It affects your accuracy & damage with ranged weapons and melee
   (+3).
Jewellery
 i - the ring of Ireqec (right hand) {Will+ MP+9}
   (You found it on level 5 of the Dungeon)

   [ring of magical power]

   MP:        It affects your magic capacity (+9).
   Will:      It increases your willpower.
 l - a ring of resist corrosion (left hand)
Wands
 p - a wand of flame (8)
 r - a wand of charming (7)
Scrolls
 b - 2 scrolls of identify
 n - 2 scrolls of amnesia
Potions
 d - 2 potions of might
 e - a potion of curing


   Skills:
 * Level 6.0 Fighting
 * Level 7.1(8.0) Axes
 + Level 5.6(7.3) Maces & Flails
 * Level 3.7 Throwing
 * Level 6.7 Armour
 * Level 3.9 Dodging
 * Level 3.2 Stealth
 * Level 7.2 Shields
 * Level 2.1 Invocations
 * Level 1.7 Evocations


You had 8 spell levels left.
You didn't know any spells.
Your spell library contained the following spells:

 Spells                   Type           Power      Damage    Failure   Level
 Magic Dart               Conj           0%         1d3       92%         1
 Call Imp                 Summ           0%         N/A       98%         2
 Ensorcelled Hibernation  Hex/Ice        0%         N/A       98%         2
 Static Discharge         Conj/Air       0%         N/A       98%         2
 Mephitic Cloud           Conj/Pois/Air  0%         N/A       100%        3
 Spider Form              Tmut/Pois      0%         N/A       100%        3
 Airstrike                Air            0%         N/A       100%        4
 Dispel Undead            Necr           0%         3d6       100%        4
 Sticky Flame             Conj/Fire      0%         2d3       100%        4
 Summon Lightning Spire   Summ/Air       0%         N/A       100%        4
 Lightning Bolt           Conj/Air       0%         1d11      100%        5
 Shadow Creatures         Summ           N/A        N/A       100%        6


Dungeon Overview and Level Annotations

Branches:
Dungeon (9/15)             Temple (1/1) D:5
   Lair: D:8-11         Orc: D:9-12

Altars:
Ashenzari
Cheibriados
Dithmenos
Elyvilon
Fedhas
Gozag
Hepliaklqana
Kikubaaqudgha
Makhleb
Nemelex Xobeh
Okawaru
Qazlal
Ru
Trog
Uskayaw
Vehumet
Wu Jian
Xom
Yredelemnul
Zin
The Shining One

Annotations:
D:2 exclusion: 2 downstairs
D:3 Terence
D:4 exclusion: downstairs


Innate Abilities, Weirdness & Mutations

You have a pair of horns on your head.
You reflexively headbutt those who attack you in melee.


Message History

The yak gores you but does no damage. The yak gores you!
You block the yak's attack. x2
You completely miss the yak.
The yak is almost dead.
You slash the yak! You hit the yak but do no damage.
The yak gores you but does no damage. You block the yak's attack.
The yak gores you.
You hit the yak but do no damage. You headbutt the yak, but do no damage.
The yak is almost dead.
You slash the yak! You hit the yak. The yak gores you!
You block the yak's attack. x2; The yak barely misses you.
You slash the yak!
You kill the yak!
You hit the yak. x2; The yak closely misses you.
The yak gores you!
* * * LOW HITPOINT WARNING * * *
The yak closely misses you.
Your Fighting skill increases to level 6!
Your Invocations skill increases to level 2!
You hit the yak.
The yak is lightly wounded.
You slash the yak!
You kill the yak!
You hit the yak. The yak gores you but does no damage.
The yak closely misses you.
Your base Axes skill increases to level 7!
You slash the yak!
The yak is moderately wounded.
You hit the yak. The yak gores you.
* * * LOW HITPOINT WARNING * * *
The yak gores you.
* * * LOW HITPOINT WARNING * * *
Blink to where?
Press: ? - help, Dir - move target
As you read the scroll of blinking, it crumbles to dust.
You climb downwards.
There is a stone staircase leading up here.
You slash the yak!
The yak is severely wounded.
The yak gores you!
You die...

######## ####..@...### #######
##.....Y.....# #.....##
##............## #.....#
####....<.........####.....#
#.................#.........
#.##.......................#
#.........................)#
#..♣...)(..............###)#
♣...♣♣.............#########.#


You could see a yak.

Vanquished Creatures
  2 centaur zombies
  Prince Ribbit (D:6)
  A slime creature (D:8)
  3 yaks (D:7)
  Edmund (D:5)
  Duvessa (D:6)
  Purgy (D:4)
  4 ogres
  A centaur (D:5)
  A phantom (D:6)
  2 kobold brigands
  Dowan (D:6)
  A gnoll sergeant (D:8)
  A water moccasin skeleton (D:6)
  4 wights (D:6)
  A howler monkey (D:4)
  A centaur skeleton (D:6)
  A hound (D:6)
  2 orc priests
  3 iguanas
  4 orc wizards
  A howler monkey zombie (D:8)
  Robin (D:4)
  5 gnolls (D:8)
  4 adders
  A white imp (D:5)
  An ufetubus (D:4)
  2 worms (D:2)
  26 orcs
  9 ball pythons
  5 endoplasms
  15 goblins
  5 hobgoblins
  18 jackals
  5 quokkas
  3 bats
  2 frilled lizards (D:1)
  18 kobolds
  7 rats
165 creatures vanquished.

Notes
Turn   | Place    | Note
-------+----------+-------------------------------------------
     0 | D:1      | Acheron the Minotaur Fighter began the quest for the Orb.
     0 | D:1      | Reached XP level 1. HP: 19/19 MP: 0/0
   402 | D:1      | Reached XP level 2. HP: 21/27 MP: 1/1
   871 | D:1      | Reached XP level 3. HP: 19/33 MP: 2/2
  2079 | D:2      | Reached XP level 4. HP: 29/40 MP: 3/3
  2223 | D:3      | Noticed Robin
  2531 | D:5      | Entered Level 5 of the Dungeon
  2531 | D:5      | Noticed an ogre
  2531 | D:5      | Noticed an ogre
  2578 | D:4      | Killed Robin
  2686 | D:4      | Reached skill level 1 in Dodging
  2696 | D:4      | Reached skill level 1 in Stealth
  2696 | D:4      | Reached XP level 5. HP: 43/46 MP: 4/4
  2703 | D:4      | Reached skill level 1 in Throwing
  2816 | D:4      | Noticed Purgy
  2824 | D:4      | Killed Purgy
  2825 | D:4      | Reached skill level 5 in Shields
  2825 | D:4      | Reached XP level 6. HP: 38/52 MP: 5/5
  3040 | D:3      | Noticed Terence
  3168 | D:5      | Noticed Edmund
  3190 | D:5      | Killed Edmund
  3191 | D:5      | Reached skill level 1 in Maces & Flails
  3191 | D:5      | Reached skill level 5 in Armour
  3390 | D:5      | Reached XP level 7. HP: 25/60 MP: 6/6
  3694 | D:5      | Identified the ring of Ireqec {Will+ MP+9}
  3757 | D:5      | Reached skill level 5 in Fighting
  3757 | D:5      | Reached XP level 8. HP: 64/68 MP: 7/7
  4099 | D:6      | Noticed Duvessa
  4100 | D:6      | Noticed Dowan
  4113 | D:6      | Killed Duvessa
  4114 | D:6      | Reached skill level 5 in Maces & Flails
  4116 | D:6      | Killed Dowan
  4393 | D:5      | Found a staircase to the Ecumenical Temple.
  4452 | Temple   | Entered the Ecumenical Temple
  4512 | Temple   | Became a worshipper of the Shining One
  4840 | D:4      | Identified the +6 ring mail "Pecuiri" {Slay+3}
  5502 | D:6      | Noticed Prince Ribbit
  5520 | D:6      | Reached skill level 5 in Axes
  5527 | D:6      | Killed Prince Ribbit
  5528 | D:6      | Reached skill level 1 in Invocations
  5556 | D:6      | Reached XP level 9. HP: 74/74 MP: 8/8
  5996 | D:7      | Reached skill level 1 in Evocations
  6579 | D:8      | Reached * piety under the Shining One
  6666 | D:8      | Slain by a yak

Illustrated notes

Levels and vault maps discovered:
D:1:      dpeg_arrival_more_subterranean_lakeside_camping, layout_basic,
          minmay_tetromino_i4
D:2:      layout_rooms
D:3:      minmay_inner_zag, layout_rooms, serial_park_tiny_2,
          lexackson_kobold_supper, uniq_robin, uniq_terence, uniq_ijyb
D:4:      layout_basic, uniq_purgy
D:5:      layout_rooms, minmay_temple_entry_antechambers, minmay_misc_feat_five,
          eino_small_chamber_without_monster, uniq_edmund
D:6:      layout_rooms, uniq_prince_ribbit1, uniq_duvessa
D:7:      layout_basic, serial_rivers, chequers_serial_rivers_micro_a,
          chequers_serial_rivers_large_b, chequers_serial_rivers_room_a,
          chequers_serial_rivers_micro_e, nrook_campfire
D:8:      layout_cave_pods, kb_rosetta
D:9:      layout_basic
Temple:   grunt_wide_crystal_templ

Skill      XL: |  1  2  3  4  5  6  7  8  9 |
---------------+----------------------------+-----
Shields        | 4 5 6 7 |  7.2
Armour         | 4 5 6 |  6.7
Axes           | 3 4 5 7 |  7.1
Fighting       | 4 5 6 |  6.0
Dodging        | 1 2 3 |  3.9
Stealth        | 1 2 3 |  3.2
Throwing       | 1 2 3 |  3.7
Maces & Flails | 2 4 5 |  5.6
Invocations    | 1 2 |  2.1
Evocations     | 1 |  1.7

Action                   |  1- 3 |  4- 6 |  7- 9 || total
-------------------------+-------+-------+-------++-------
Melee: War axe           |   139 |    82 |   116 ||   337
       Headbutt          |    12 |    17 |    33 ||    62
       Mace              |       |    36 |    56 ||    92
Throw: Dart              |       |     4 |     3 ||     7
  Use: Scroll            |       |     7 |     3 ||    10
       Potion            |       |     1 |       ||     1
Armor: Scale mail        |    80 |    60 |    26 ||   166
       Ring mail         |       |       |    39 ||    39
Dodge: Dodged            |    47 |    38 |    68 ||   153
Block: Kite shield       |    81 |    91 |   109 ||   281
